 Dungeon Crawl Stone Soup version 0.24.0-37-gcf1ca852f1 (webtiles) character file.

Game seed: 11314826512233820821, levelgen mode: deterministic

13423 FishyPogo the Thaumaturge (level 12, 0/89 HPs)
             Began as a Gnoll Wizard on Dec 7, 2019.
             Was an Elder of Makhleb.
             Killed from afar by a hell hound (10 damage)
             ... with a blast of flame
             ... in a volcano.
             The game lasted 01:11:49 (10047 turns).

FishyPogo the Thaumaturge (Gnoll Wizard)           Turns: 10047, Time: 01:11:50

Health: 0/89       AC: 12    Str: 11    XL:     12   Next: 5%
Magic:  25/25      EV: 15    Int: 24    God:    Makhleb [****..]
Gold:   331        SH:  0    Dex: 17    Spells: 8/30 levels left

rFire    . . .     SeeInvis .   a - +5 dagger (venom)
rCold    + . .     Gourm    .   (no shield)
rNeg     . . .     Faith    .   Q - +2 ring mail {rC+}
rPois    +         Spirit   .   S - +1 hat
rElec    +         Reflect  .   D - +0 cloak
rCorr    .         Harm     .   L - +0 pair of fencer's gloves {Riposte Dex+3}
MR       .....                  (no boots)
Stlth    ++++......             k - amulet of magic regeneration
HPRegen  0.24/turn              c - ring "Plog" {rElec Slay+3 Stlth+}
MPRegen  0.44/turn              j - ring of poison resistance

@: very slightly contaminated, invisible
A: distributed training, fangs 1, strong nose
a: Minor Destruction, Lesser Servant of Makhleb, Major Destruction, Renounce
Religion


You were in a volcano.
You worshipped Makhleb.
Makhleb was greatly pleased with you.
You were not hungry.

You visited 3 branches of the dungeon, and saw 15 of its levels.
You also visited: Volcano.

You collected 843 gold pieces.
You spent 512 gold pieces at shops.

Inventory:

Hand Weapons
 a - a +5 dagger of venom (weapon)
 g - a +0 scimitar of holy wrath
Missiles
 f - 2 throwing nets
 u - 22 poisoned darts
 v - 7 curare-tipped darts
 y - 10 javelins
 A - 24 boomerangs (quivered)
Armour
 D - a +0 cloak (worn)
 L - the +0 pair of fencer's gloves (worn) {Riposte Dex+3}
   (You bought it in a shop on level 9 of the Dungeon)

   It affects your dexterity (+3).
 Q - a +2 ring mail of cold resistance (worn)
 S - a +1 hat (worn)
Magical Staves
 b - an uncursed staff of energy
Jewellery
 c - the ring "Plog" (left hand) {rElec Slay+3 Stlth+}
   (You found it on level 1 of the Lair of Beasts)

   [ring of stealth]

   It affects your accuracy and damage with ranged weapons and melee attacks
   (+3).
   It insulates you from electricity.
   It makes you more stealthy.
 j - a ring of poison resistance (right hand)
 k - an amulet of magic regeneration (around neck)
 P - the ring "Wolitoaz" {rElec rCorr}
   (You found it on level 9 of the Dungeon)

   [ring of resist corrosion]

   It insulates you from electricity.
   It provides partial protection from all sources of acid and corrosion.
Wands
 i - a wand of polymorph (9)
 o - a wand of digging (7)
 H - a wand of acid (7)
 O - a wand of iceblast (10)
Scrolls
 p - 14 scrolls of teleportation
 q - 2 scrolls of enchant weapon
 r - 5 scrolls of identify
 C - a scroll of remove curse
 E - 3 scrolls of enchant armour
 F - a scroll of silence
 M - a scroll of blinking
Potions
 e - 3 potions of agility
 h - 5 potions of heal wounds
 l - 3 potions of flight
 m - 2 potions of lignification {unknown}
 n - 4 potions of curing
 s - a potion of berserk rage
 t - a potion of ambrosia
 w - a potion of magic
 x - a potion of cancellation
 z - a potion of resistance
Comestibles
 d - 17 rations


   Skills:
 + Level 6.7 Fighting
 + Level 6.7 Short Blades
 + Level 6.7 Long Blades
 + Level 6.7 Axes
 + Level 6.7 Maces & Flails
 + Level 6.7 Polearms
 + Level 6.7 Staves
 + Level 6.7 Slings
 + Level 6.7 Bows
 + Level 6.7 Crossbows
 + Level 6.7 Throwing
 + Level 6.7 Armour
 + Level 8.2 Dodging
 + Level 8.0 Stealth
 + Level 6.7 Shields
 + Level 6.7 Unarmed Combat
 + Level 9.9 Spellcasting
 + Level 6.0 Conjurations
 + Level 5.6 Hexes
 + Level 5.6 Charms
 + Level 6.0 Summonings
 + Level 5.6 Necromancy
 + Level 6.0 Translocations
 + Level 5.6 Transmutations
 + Level 5.6 Fire Magic
 + Level 5.6 Ice Magic
 + Level 5.6 Air Magic
 + Level 5.6 Earth Magic
 + Level 5.6 Poison Magic
 + Level 7.4 Invocations
 + Level 6.7 Evocations


You had 8 spell levels left.
You knew the following spells:

 Your Spells              Type           Power        Failure   Level  Hunger
a - Shock                 Conj/Air       ####         1%          1    None
b - Throw Flame           Conj/Fire      #####.       1%          2    None
c - Mephitic Cloud        Conj/Pois/Air  #####...     3%          3    None
d - Dazzling Spray        Conj/Hex       #####.       3%          3    None
e - Magic Dart            Conj           ####         1%          1    None
j - Conjure Flame         Conj/Fire      #####...     3%          3    None
l - Summon Lightning Spi  Summ/Air       #####...     10%         4    #......
p - Call Imp              Summ           #####...     1%          2    None
u - Spider Form           Tmut/Pois      #####.....   3%          3    None

Your spell library contained the following spells:

 Spells                   Type           Power        Failure   Level  Hunger
 Animate Skeleton         Necr           N/A          1%          1    None
 Apportation              Tloc           #####.       1%          1    None
 Beastly Appendage        Tmut           #####.       1%          1    None
 Confusing Touch          Hex            #####.       1%          1    None
 Summon Butterflies       Summ           #####...     1%          1    None
 Summon Small Mammal      Summ           ####         1%          1    None
 Blink                    Tloc           N/A          1%          2    None
 Searing Ray              Conj           #####.       1%          2    None
 Slow                     Hex            #####...     1%          2    None
 Sticks to Snakes         Tmut           #####...     1%          2    None
 Swiftness                Chrm/Air       #####...     1%          2    None
 Call Canine Familiar     Summ           #####...     2%          3    None
 Lesser Beckoning         Tloc           #####.....   2%          3    None
 Static Discharge         Conj/Air       #####...     3%          3    None
 Summon Guardian Golem    Hex/Summ       #####...     3%          3    None
 Tukima's Dance           Hex            #####...     3%          3    None
 Force Lance              Conj/Tloc      #####...     10%         4    #......
 Fulminant Prism          Conj/Hex       #####.....   10%         4    #......
 Iskenderun's Mystic Bla  Conj           #####...     10%         4    #......
 Summon Ice Beast         Ice/Summ       #####...     10%         4    #......
 Airstrike                Air            #####.....   11%         4    #......
 Ice Form                 Ice/Tmut       #####...     11%         4    #......
 Irradiate                Conj/Tmut      #####.....   28%         5    ####...
 Lightning Bolt           Conj/Air       #####.....   28%         5    ####...
 Alistair's Intoxication  Tmut/Pois      #####...     30%         5    ####...
 Blade Hands              Tmut           #####.....   30%         5    ####...
 Bolt of Fire             Conj/Fire      #####.....   83%         6    ######.
 Invisibility             Hex            #####...     86%         6    ######.
 Spellforged Servitor     Conj/Summ      #####.....   100%        7    #######


Dungeon Overview and Level Annotations

Branches:
Dungeon (12/15)            Temple (1/1) D:4            Lair (2/6) D:8
  Swamp (0/4) Lair:2      Volcano (1/1)
  Snake: Lair:2-4    Spider: Lair:2-4       Orc: D:9-12

Altars:
Ashenzari
Cheibriados
Elyvilon
Fedhas
Makhleb
Nemelex Xobeh
Okawaru
Qazlal
Uskayaw
Wu Jian
Xom
Zin

Shops:
D:8 }[=??   D:9 =*[:[

Annotations:
D:5 2 transporters
Lair:1 exclusion: hydra


Innate Abilities, Weirdness & Mutations

Your experience applies equally to all skills.
You have very sharp teeth.
Your uncanny sense of smell can sniff out nearby items.


Message History

Your hellwing closely misses the sun demon.
Your hellwing completely misses the sun demon.
A demon appears!
The sun demon misses your hellwing.
Something hits your hellwing but does no damage.
Your hellwing hits the sun demon but does no damage. x2
What are your orders? t - Bark!
Orders for allies: a - Attack new target. r - Retreat! s - Stop attacking. g - Guard the area. f - Follow me.
Anything else - Cancel.
Gang up on whom?
Press: ? - help, Dir - move target cursor, f - sun demon
Aim: a sun demon (moderately wounded) Attack!
The sun demon closely misses your hellwing.
The hell hound breathes flames at you.
The blast of flame hits the sun demon.
The sun demon completely resists.
The blast of flame hits your hellwing! The blast of flame hits you!
You die...

### ##.##
∆∆∆+...#∆∆∆
∆∆∆#._.+∆∆∆
#.h.# #439#
∆ ##4## ∆
#@44# ∆
+.4.+ #...#
##'## #.# .
##.## §..
#8.8#
≈§..##...#
≈≈....§..##


You could see a sun demon, a hell hound, a gargoyle, a friendly orange demon and
3 friendly hellwings.

Vanquished Creatures
  A two-headed ogre (D:11)
  An ugly thing (D:11)
  A black mamba (Lair:2)
  A gargoyle (D:10)
  4 spiny frogs
  A centaur skeleton (D:11)
  A komodo dragon (Lair:2)
  4 trolls
  A hornet (D:11)
  A bog body (Lair:2)
  3 blink frogs (Lair:1)
  Sigmund (D:2)
  13 yaks
  Grum (D:9)
  3 fire bats (Volcano)
  A soldier ant (D:10)
  A water moccasin (D:9)
  2 porcupines (Lair:1)
  3 phantoms
  An eye of draining (D:11)
  A hornet zombie (D:10)
  2 orc warriors
  2 ice beasts
  4 sky beasts
  2 black bears
  5 ogres
  6 wolves
  2 centaurs
  5 crocodiles
  3 big kobolds
  3 bullfrogs
  A wyvern zombie (D:6)
  A scorpion (D:10)
  2 wyvern skeletons
  12 killer bees
  2 crimson imps
  A centaur zombie (D:6)
  2 bullfrog skeletons
  7 orc priests
  2 hounds
  A jelly (D:9)
  8 orc wizards
  5 iguanas
  7 worker ants
  A hound zombie (D:10)
  3 worker ant zombies
  9 gnolls
  14 adders
  A howler monkey skeleton (D:4)
  3 shadow imps
  2 adder zombies (D:6)
  An adder skeleton (D:4)
  2 worms (D:3)
  6 leopard geckos
  20 orcs
  2 giant cockroaches
  6 goblins
  7 hobgoblins
  17 jackals
  10 kobolds
  2 quokkas
  6 bats
  4 frilled lizards
  A leopard gecko zombie (D:5)
  A quokka skeleton (D:6)
  A quokka zombie (D:3)
  8 rats
  2 butterflies (Lair:1)
260 creatures vanquished.

Vanquished Creatures (collateral kills)
  A cyclops (D:11)
  A spiny frog (Lair:2)
  A troll (D:9)
  3 yaks (D:11)
  A hungry ghost (D:8)
  An eye of draining (D:11)
  2 wolves (Lair:2)
  A centaur (D:11)
  A big kobold (D:2)
  A bullfrog (D:10)
  A scorpion (D:11)
  4 killer bees (D:11)
  Terence (D:2)
  2 worker ants (D:8)
  A hound skeleton (D:4)
  A gnoll (D:8)
  An ooze (D:1)
  5 orcs
  A hobgoblin (D:1)
  A jackal (D:1)
  A quokka (D:3)
  2 goblins (D:1)
  A kobold (D:1)
  A rat (D:1)
36 creatures vanquished.

Vanquished Creatures (others)
  A fungus (Lair:1)
1 creature vanquished.

Grand Total: 297 creatures vanquished

Notes
Turn   | Place    | Note
-------+----------+-------------------------------------------
     0 | D:1      | FishyPogo the Gnoll Wizard began the quest for the Orb.
     0 | D:1      | Reached XP level 1. HP: 13/13 MP: 8/8
   183 | D:1      | Reached XP level 2. HP: 19/19 MP: 7/10
   530 | D:1      | Learned a level 2 spell: Call Imp
   648 | D:1      | Reached XP level 3. HP: 24/25 MP: 3/11
   654 | D:1      | Learned a level 3 spell: Conjure Flame
   658 | D:1      | Learned a level 3 spell: Mephitic Cloud
   983 | D:2      | Noticed a big kobold
  1018 | D:2      | Noticed Terence
  1021 | D:2      | Killed a big kobold
  1021 | D:2      | Reached skill level 1 in Fighting
  1021 | D:2      | Reached skill level 1 in Short Blades
  1021 | D:2      | Reached skill level 1 in Long Blades
  1021 | D:2      | Reached skill level 1 in Axes
  1021 | D:2      | Reached skill level 1 in Maces & Flails
  1021 | D:2      | Reached skill level 1 in Polearms
  1021 | D:2      | Reached skill level 1 in Staves
  1021 | D:2      | Reached skill level 1 in Slings
  1021 | D:2      | Reached skill level 1 in Bows
  1021 | D:2      | Reached skill level 1 in Crossbows
  1021 | D:2      | Reached skill level 1 in Throwing
  1021 | D:2      | Reached skill level 1 in Armour
  1021 | D:2      | Reached skill level 1 in Shields
  1021 | D:2      | Reached skill level 1 in Unarmed Combat
  1021 | D:2      | Reached skill level 1 in Invocations
  1021 | D:2      | Reached skill level 1 in Evocations
  1021 | D:2      | Reached XP level 4. HP: 21/32 MP: 4/13
  1030 | D:2      | Killed Terence
  1230 | D:2      | Reached skill level 1 in Hexes
  1230 | D:2      | Reached skill level 1 in Charms
  1230 | D:2      | Reached skill level 1 in Necromancy
  1230 | D:2      | Reached skill level 1 in Transmutations
  1230 | D:2      | Reached skill level 1 in Fire Magic
  1230 | D:2      | Reached skill level 1 in Ice Magic
  1230 | D:2      | Reached skill level 1 in Air Magic
  1230 | D:2      | Reached skill level 1 in Earth Magic
  1230 | D:2      | Reached skill level 1 in Poison Magic
  1452 | D:2      | Reached XP level 5. HP: 33/37 MP: 10/14
  1562 | D:2      | Noticed Sigmund
  1578 | D:2      | Killed Sigmund
  1578 | D:2      | Reached XP level 6. HP: 31/44 MP: 10/16
  1989 | D:3      | Reached skill level 5 in Dodging
  2216 | D:5      | Entered Level 5 of the Dungeon
  2271 | D:4      | Found a staircase to the Ecumenical Temple.
  2277 | Temple   | Entered the Ecumenical Temple
  2351 | Temple   | Became a worshipper of Makhleb the Destroyer
  2663 | D:4      | Reached XP level 7. HP: 50/50 MP: 18/18
  3211 | D:5      | Found a hide-covered altar of Uskayaw.
  3245 | D:5      | Found a transporter.
  3245 | D:5      | Found a shattered altar of Ashenzari.
  3257 | D:5      | Reached * piety under Makhleb
  3287 | D:5      | Found a transporter.
  3381 | D:5      | Reached skill level 5 in Stealth
  3506 | D:5      | Found a sparkling altar of Nemelex Xobeh.
  3659 | D:5      | Noticed a kobold demonologist
  3952 | D:6      | Reached XP level 8. HP: 38/57 MP: 0/19
  4473 | D:6      | Reached skill level 8 in Spellcasting
  4718 | D:7      | Learned a level 3 spell: Dazzling Spray
  4743 | D:7      | Reached ** piety under Makhleb
  4965 | D:7      | Reached XP level 9. HP: 34/65 MP: 6/21
  5077 | D:7      | Got a transparent ring mail
  5103 | D:7      | Identified the +1 ring mail of Curiosity {-Cast +Fly Dex+4}
                  | (You found it on level 7 of the Dungeon)
  5444 | D:8      | Found a staircase to the Lair.
  5506 | D:8      | Found Cirhur's Magic Scroll Shop.
  5509 | D:8      | Bought a scroll of remove curse for 30 gold pieces
  5579 | D:8      | Found Paiw's Armour Shop.
  5803 | D:8      | Found Ituggac's Gadget Shoppe.
  5864 | D:8      | Found Doggaof's Jewellery Shop.
  5896 | D:8      | Found Natis Ej Cad's Magic Scroll Emporium.
  6125 | D:8      | Bought a +2 amulet of reflection for 82 gold pieces
  6215 | D:9      | Found Tithrygh's Book Emporium.
  6243 | D:9      | Reached *** piety under Makhleb
  6251 | D:9      | Noticed a troll
  6258 | D:9      | Killed a troll
  6342 | D:9      | Reached skill level 5 in Invocations
  6364 | D:9      | Noticed a troll
  6379 | D:9      | Killed a troll
  6379 | D:9      | Reached XP level 10. HP: 39/73 MP: 0/22
  6608 | D:9      | Got a shimmering silver ring
  6618 | D:9      | Found Edaypis's General Store.
  6642 | D:9      | Found Yshru Yha's Armour Shoppe.
  6647 | D:9      | Bought the +0 pair of fencer's gloves {Riposte Dex+3} for
                  | 400 gold pieces
  6647 | D:9      | Found the +0 pair of fencer's gloves {Riposte Dex+3}
  6738 | D:9      | Found Compyeph's Antique Armour Shop.
  6860 | D:9      | Noticed Grum
  6869 | D:9      | Killed Grum
  6869 | D:9      | Reached skill level 5 in Fighting
  6869 | D:9      | Reached skill level 5 in Short Blades
  6869 | D:9      | Reached skill level 5 in Long Blades
  6869 | D:9      | Reached skill level 5 in Axes
  6869 | D:9      | Reached skill level 5 in Maces & Flails
  6869 | D:9      | Reached skill level 5 in Polearms
  6869 | D:9      | Reached skill level 5 in Staves
  6869 | D:9      | Reached skill level 5 in Slings
  6869 | D:9      | Reached skill level 5 in Bows
  6869 | D:9      | Reached skill level 5 in Crossbows
  6869 | D:9      | Reached skill level 5 in Throwing
  6869 | D:9      | Reached skill level 5 in Armour
  6869 | D:9      | Reached skill level 5 in Shields
  6869 | D:9      | Reached skill level 5 in Unarmed Combat
  6869 | D:9      | Reached skill level 5 in Evocations
  7172 | D:9      | Found Nuorch's Jewellery Boutique.
  7196 | D:10     | Entered Level 10 of the Dungeon
  7360 | D:10     | Reached **** piety under Makhleb
  7360 | D:10     | Reached skill level 9 in Spellcasting
  7567 | D:10     | Reached skill level 5 in Conjurations
  7567 | D:10     | Reached skill level 5 in Summonings
  7567 | D:10     | Reached skill level 5 in Translocations
  7679 | D:10     | Noticed a gargoyle
  7707 | D:10     | Killed a gargoyle
  7713 | D:10     | Reached XP level 11. HP: 57/81 MP: 3/24
  7880 | D:10     | Identified the ring "Wolitoaz" {rElec rCorr} (You found it
                  | on level 9 of the Dungeon)
  7925 | D:11     | Learned a level 3 spell: Spider Form
  7955 | D:11     | Learned a level 4 spell: Summon Lightning Spire
  8018 | D:11     | Noticed a green ugly thing
  8188 | D:11     | Noticed a cyclops
  8193 | D:11     | Noticed a two-headed ogre
  8201 | D:11     | Killed a cyclops
  8208 | D:11     | Killed a two-headed ogre
  8208 | D:11     | Reached skill level 5 in Hexes
  8208 | D:11     | Reached skill level 5 in Charms
  8208 | D:11     | Reached skill level 5 in Necromancy
  8208 | D:11     | Reached skill level 5 in Transmutations
  8208 | D:11     | Reached skill level 5 in Fire Magic
  8208 | D:11     | Reached skill level 5 in Ice Magic
  8208 | D:11     | Reached skill level 5 in Air Magic
  8208 | D:11     | Reached skill level 5 in Earth Magic
  8208 | D:11     | Reached skill level 5 in Poison Magic
  8550 | D:11     | Killed a green ugly thing
  8816 | Lair:1   | Entered Level 1 of the Lair of Beasts
  8819 | Lair:1   | Identified the Reference Book on Attacks
  8824 | Lair:1   | Learned a level 2 spell: Throw Flame
  8857 | Lair:1   | Got a crude wooden ring
  8859 | Lair:1   | Identified the ring "Plog" {rElec Slay+3 Stlth+} (You found
                  | it on level 1 of the Lair of Beasts)
  9183 | Lair:1   | Noticed a five-headed hydra
  9451 | Lair:1   | Learned a level 1 spell: Shock
  9553 | Lair:2   | Found a staircase to the Swamp.
  9642 | Lair:2   | Reached ***** piety under Makhleb
  9731 | Lair:2   | Reached XP level 12. HP: 13/89 MP: 6/25
  9806 | Lair:2   | Found a dark tunnel.
  9816 | Volcano  | Entered a volcano
 10040 | Volcano  | Found a burning altar of Makhleb.
 10040 | Volcano  | Noticed a sun demon
 10047 | Volcano  | Killed from afar by a hell hound

Levels and vault maps discovered:
D:1:      minmay_arrival_three_doors, layout_basic, serial_co_window_serial,
          co_window_corner_a, co_window_paths_b, co_window_of_opportunity_a,
          co_window_paths_a, co_window_corner_a, co_window_paths_a,
          co_window_paths_a, co_window_corner_b, co_window_2corner,
          co_window_2corner, co_window_sun, glass_columns_b, glass_columns_a,
          glass_columns_c, glass_columns_b, minmay_tromino_v4_a
D:2:      layout_basic, first_ration, kennysheep_generic_room_14, uniq_terence,
          uniq_sigmund
D:3:      layout_rooms
D:4:      layout_cave_pools, minmay_temple_entry_hall,
          eino_small_chamber_without_monster, minmay_misc_feat_cross
D:5:      gammafunk_wand_slinger, layout_basic, old_standard_altar, basic_altar,
          cheibrodos_ashenzari_chains
D:6:      layout_loops_cross
D:7:      layout_basic
D:8:      layout_gridville, lair_entry_dummy, serial_shops,
          nicolae_shop_waterfront, shop_statue, shop, shop, kennysheep_mini
D:9:      layout_basic, serial_shops, shop, shop, nicolae_shop_window_shopping,
          nicolae_shop_crystal, shop, uniq_grum
D:10:     layout_roguey
D:11:     layout_rooms
D:12:     layout_basic, orc_0_dummy, gammafunk_ghost_cemetery, grunt_tengu_nest,
          kennysheep_generic_room_8
Temple:   roderic_octagonal_lattice_temple
Lair:1:   layout_chaotic_city, lemuel_fruit_fields
Lair:2:   layout_gridlike, skrybe_swamp_entry_bodies,
          nicolae_volcano_entry_two_sided, forest_entry_grove,
          serial_bayou_shore_b, uniq_gastronok
Volcano:  volcano_grotto [vgs_many_chambers]

Skill      XL: |  1  2  3  4  5  6  7  8  9 10 11 |
---------------+----------------------------------+-----
Conjurations   | 2 3 4 5 6 |  6.0
Summonings     | 2 3 4 5 6 |  6.0
Translocations | 2 3 4 5 6 |  6.0
Fighting       | 1 2 3 4 5 6 |  6.7
Short Blades   | 1 2 3 4 5 6 |  6.7
Long Blades    | 1 2 3 4 5 6 |  6.7
Axes           | 1 2 3 4 5 6 |  6.7
Maces & Flails | 1 2 3 4 5 6 |  6.7
Polearms       | 1 2 3 4 5 6 |  6.7
Staves         | 1 2 3 4 5 6 |  6.7
Slings         | 1 2 3 4 5 6 |  6.7
Bows           | 1 2 3 4 5 6 |  6.7
Crossbows      | 1 2 3 4 5 6 |  6.7
Throwing       | 1 2 3 4 5 6 |  6.7
Armour         | 1 2 3 4 5 6 |  6.7
Shields        | 1 2 3 4 5 6 |  6.7
Unarmed Combat | 1 2 3 4 5 6 |  6.7
Invocations    | 1 2 3 4 5 6 7 |  7.4
Evocations     | 1 2 3 4 5 6 |  6.7
Hexes          | 1 2 3 4 5 |  5.6
Charms         | 1 2 3 4 5 |  5.6
Necromancy     | 1 2 3 4 5 |  5.6
Transmutations | 1 2 3 4 5 |  5.6
Fire Magic     | 1 2 3 4 5 |  5.6
Ice Magic      | 1 2 3 4 5 |  5.6
Air Magic      | 1 2 3 4 5 |  5.6
Earth Magic    | 1 2 3 4 5 |  5.6
Poison Magic   | 1 2 3 4 5 |  5.6
Dodging        | 5 6 7 8 |  8.2
Stealth        | 5 6 7 8 |  8.0
Spellcasting   | 8 9 |  9.9

Action                   |  1- 3 |  4- 6 |  7- 9 | 10-12 || total
-------------------------+-------+-------+-------+-------++-------
Melee: Unarmed           |    32 |       |       |       ||    32
       Bite              |     2 |     4 |    19 |    41 ||    66
       Short sword       |    14 |     4 |       |       ||    18
       Dagger            |       |    69 |   260 |   262 ||   591
       Punch             |       |       |     3 |     9 ||    12
       Staff             |       |       |       |    20 ||    20
Throw: Stone             |       |       |    11 |       ||    11
       Boomerang         |       |       |       |    14 ||    14
 Cast: Magic Dart        |    39 |    68 |   192 |    90 ||   389
       Call Imp          |     6 |     3 |    19 |    22 ||    50
       Mephitic Cloud    |     2 |     8 |    20 |    35 ||    65
       Conjure Flame     |       |       |     3 |     6 ||     9
       Dazzling Spray    |       |       |     2 |     2 ||     4
       Summon Lightning  |       |       |       |    11 ||    11
       Shock             |       |       |       |     9 ||     9
       Throw Flame       |       |       |       |     5 ||     5
Invok: Minor Destruction |       |       |    17 |     5 ||    22
       Lesser Servant of |       |       |       |     4 ||     4
  Use: Scroll            |       |     5 |     5 |     9 ||    19
       Potion            |       |     1 |     3 |     5 ||     9
 Stab: Sleeping          |     2 |     3 |     1 |     5 ||    11
       Distracted        |       |     1 |     3 |     5 ||     9
       Confused          |       |     1 |     4 |    21 ||    26
  Eat: Chunk             |       |     6 |    11 |    12 ||    29
Armor: Robe              |    14 |    10 |     2 |       ||    26
       Ring mail         |       |       |    55 |    68 ||   123
Dodge: Dodged            |    50 |    50 |   171 |   150 ||   421
Block: Other             |       |       |     2 |    11 ||    13
       Rpst.: Dagger     |       |       |       |    34 ||    34
       Staff             |       |       |       |    11 ||    11
